 Dungeon Crawl Stone Soup version 0.22.1-2-g9c5b331 (webtiles) character file.

90 theswoord the Chopper (level 4, -5/42 HPs)
             Began as a Naga Fighter on Nov 15, 2018.
             Was a Follower of Cheibriados.
             Slain by an iguana (12 damage)
             ... on level 4 of the Dungeon on Nov 19, 2018.
             The game lasted 00:10:12 (2265 turns).

theswoord the Chopper (Naga Fighter)                Turns: 2265, Time: 00:10:12

Health: -5/42      AC:  5    Str: 21    XL:     4   Next: 56%
Magic:  4/4        EV:  7    Int: 11    God:    Cheibriados [*.....]
Gold:   51         SH:  0    Dex: 15    Spells: 2/3 levels left

rFire    . . .     SeeInvis +   a - +0 war axe
rCold    . . .     Gourm    .   (no shield)
rNeg     . . .     Faith    .   b - +1 scale mail
rPois    +         Spirit   .   (no helmet)
rElec    .         Reflect  .   (no cloak)
rCorr    .         Harm     .   (no gloves)
MR       .....                  (no barding)
Stlth    ..........             (no amulet)
HPRegen  0.14/turn              (no ring)
MPRegen  0.09/turn              (no ring)

@: very slow
A: large, see invisible, deformed body, poison resistance, slowness 2, slow
metabolism 1, spit poison 1, AC +1
a: Spit Poison, Bend Time, Renounce Religion


You were on level 4 of the Dungeon.
You worshipped Cheibriados.
Cheibriados was aware of your devotion.
You were very hungry.

You visited 1 branch of the dungeon, and saw 4 of its levels.

You collected 51 gold pieces.

Inventory:

Hand Weapons
 a - a +0 war axe (weapon)
Armour
 b - a +1 scale mail (worn)
 c - a +0 shield
 j - a +0 pair of gloves
Jewellery
 g - a +4 amulet of reflection {unknown}
Scrolls
 l - a scroll of remove curse
Potions
 d - 2 potions of might
 e - a potion of agility
 h - 2 potions of flight
 k - a potion of heal wounds {unknown}
Comestibles
 f - 12 rations


   Skills:
 - Level 3.0 Fighting
 * Level 4.6 Axes
 - Level 2.4 Armour
 - Level 2.4 Shields


You had 2 spell levels left.
You knew the following spells:

 Your Spells              Type           Power        Failure   Level  Hunger
a - Apportation           Tloc           #.....       67%         1    ##.....

Your spell library contained the following spells:

 Spells                   Type           Power        Failure   Level  Hunger
 Animate Skeleton         Necr           N/A          67%         1    ##.....
 Confusing Touch          Hex            #.....       67%         1    ##.....
 Summon Small Mammal      Summ           #...         67%         1    ##.....
 Confuse                  Hex            #.......     96%         3    ####...
 Gell's Gravitas          Tloc           #.........   96%         3    ####...
 Petrify                  Tmut/Erth      #.......     100%        4    #####..
 Metabolic Englaciation   Hex/Ice        #.........   100%        5    ######.
 Yara's Violent Unravell  Hex/Tmut       #.........   100%        5    ######.


Dungeon Overview and Level Annotations

Branches:
Dungeon (4/15)
 Temple: D:4-7

Altars:
Cheibriados
Nemelex Xobeh
Qazlal


Innate Abilities, Weirdness & Mutations

You cannot wear boots.
Your serpentine skin is tough. (AC +1)
You have supernaturally acute eyesight. (SInv)
Armour fits poorly on your strangely shaped body.
Your system is resistant to poisons. (rPois)
You cover ground very slowly.
You have a slow metabolism.
You can spit poison.


Message History

* * * LOW HITPOINT WARNING * * *
The giant cockroach bites you but does no damage.
The iguana bites you but does no damage.
The giant cockroach completely misses you.
The giant cockroach bites you.
* * * LOW HITPOINT WARNING * * *
The iguana bites you!
* * * LOW HITPOINT WARNING * * *
You fail to use your ability.
The giant cockroach bites you but does no damage.
The iguana barely misses you.
You hit the iguana. You slash the giant cockroach!
You kill the giant cockroach!
Cheibriados thoroughly appreciates the change of pace.
The iguana bites you but does no damage.
You closely miss the iguana. The iguana bites you!
* * * LOW HITPOINT WARNING * * *
Okay, then.
It was a potion of curing.
You feel better. The iguana bites you!
You die...

#....? .... #.....
.... #...(. .....
#...>. .....
#..... ...)..
#.....#####......
##.....#l.......?
#.....<@......#
#...............#
#...............#
#...............#
#..........%....#
#.................
#..............<##
##.............##


You could see an iguana.

Vanquished Creatures
  4 adders
  2 worms (D:2)
  3 leopard geckos
  3 giant cockroaches
  5 goblins
  6 hobgoblins
  A quokka (D:2)
  A ball python (D:2)
  5 bats
  3 frilled lizards
  5 kobolds
  7 rats
45 creatures vanquished.

Notes
Turn   | Place    | Note
-------+----------+-------------------------------------------
     0 | D:1      | theswoord the Naga Fighter began the quest for the Orb.
     0 | D:1      | Reached XP level 1. HP: 21/21 MP: 1/1
   294 | D:1      | Reached XP level 2. HP: 26/28 MP: 2/2
   376 | D:1      | Reached skill level 3 in Axes
   575 | D:1      | Found a snail-covered altar of Cheibriados.
   581 | D:1      | Became a worshipper of Cheibriados the Contemplative
   799 | D:2      | Reached XP level 3. HP: 26/34 MP: 3/3
   957 | D:2      | Reached skill level 4 in Axes
  1348 | D:2      | Reached * piety under Cheibriados
  1348 | D:2      | Reached XP level 4. HP: 31/42 MP: 4/4
  1407 | D:2      | Found a sparkling altar of Nemelex Xobeh.
  1408 | D:2      | Found a stormy altar of Qazlal.
  1875 | D:3      | Learned a level 1 spell: Apportation
  2264 | D:4      | HP: 2/42 [iguana (8)]
  2265 | D:4      | Slain by an iguana

Skill      XL: |  1  2  3 |
---------------+----------+-----
Axes           | 3 4 |  4.6
Fighting       | |  3.0
Armour         | |  2.4
Shields        | |  2.4

Action                   |  1- 3 |  4- 6 || total
-------------------------+-------+-------++-------
Melee: War axe           |    99 |    48 ||   147
 Abil: Spit Poison       |     2 |       ||     2
  Use: Scroll            |     3 |     3 ||     6
       Potion            |       |     1 ||     1
  Eat: Chunk             |     1 |     1 ||     2
Armor: Scale mail        |    49 |    32 ||    81
Dodge: Dodged            |    37 |    34 ||    71
Block: Shield            |    26 |       ||    26

Vault maps used:
D:1:      dpeg_arrival_pits, minmay_misc_feat_nine_boxes, cheibriados_altar_1
D:2:      gammafunk_temple_overflow_statue
D:3:      serial_glass, glass_columns_a, glass_columns_a, first_ration
D:4:      gammafunk_wand_slinger, minmay_temple_entry_enclosed_plants,
          uniq_eustachio, uniq_menkaure, uniq_edmund
